 Dungeon Crawl Stone Soup version 0.27.0-65-ge2af304b15 (webtiles) character file.

Game seed: 6320098536201474083

128 Ishikawa the Ruffian (level 4, -8/45 HPs)
             Began as a Troll Monk on Aug 17, 2021.
             Mangled by an ogre (25 damage)
             ... on level 4 of the Dungeon.
             The game lasted 00:05:08 (2720 turns).

Ishikawa the Ruffian (Troll Monk)                   Turns: 2720, Time: 00:05:09

Health: -8/45      AC:  4    Str: 19    XL:     4   Next: 87%
Magic:  3/3        EV: 10    Int:  6    God:
Gold:   231        SH:  0    Dex: 13    Spells: 3/3 levels left

rFire    . . .     SeeInvis .     - Unarmed
rCold    . . .     Faith    .   (no shield)
rNeg     . . .     Spirit   .   a - +0 robe
rPois    .         Reflect  .   (helmet restricted)
rElec    .         Harm     .   (no cloak)
rCorr    .         Rampage  .   (gloves unavailable)
Will     .....                  (boots unavailable)
Stlth    ++........             (no amulet)
HPRegen  1.15/turn              (no ring)
MPRegen  0.08/turn              (no ring)

@: no status effects
A: large, unfitting armour, claws 3, regeneration 1, shaggy fur 1, tough skin 1
a: no special abilities


You were on level 4 of the Dungeon.
You visited 1 branch of the dungeon, and saw 4 of its levels.

You collected 231 gold pieces.

Inventory:

Hand Weapons
 f - a +2 vorpal spear
Armour
 a - a +0 robe (worn)
Magical Staves
 j - a staff of poison
Jewellery
 h - a ring of fire
Wands
 i - a wand of charming (5)
Scrolls
 b - a scroll of noise {unknown}
 c - a scroll of amnesia {unknown}
 d - a scroll of immolation {unknown}
 e - 2 scrolls of identify {unknown}
Potions
 g - a potion of degeneration {unknown}
 k - a potion of heal wounds {unknown}


   Skills:
 + Level 3.1 Fighting
 + Level 3.2 Dodging
 - Level 1.0 Stealth
 + Level 4.3 Unarmed Combat


You had 3 spell levels left.
You didn't know any spells.
Your spell library was empty.

Dungeon Overview and Level Annotations

Branches:
Dungeon (4/15)
 Temple: D:4-7

Altars:
Elyvilon
Fedhas
Yredelemnul


Innate Abilities, Weirdness & Mutations

You are too large for most types of armour.
You have claws for hands.
Your natural rate of healing is unusually fast.
You are covered in fur. (AC +1)
You have tough skin. (AC +1)


Message History

You open the door.
There is an open door here.
There is an open door here.
There is an open door here.
You open the door.
There is an open door here.
There is an open door here.
Done exploring.
Done exploring.
(D) Dungeon
Where to? (Enter - D:3, ? - help)
You open the door.
There is an open door here.
You see here 21 stones.
There is a stone staircase leading down here.
You climb downwards.
An adder comes into view.
Found a sapphire potion.
There is a stone staircase leading up here.
An ogre comes into view. It is wielding a +0 giant spiked club.
The ogre shouts!
You hear an angry hiss.
You see here a sapphire potion.
k - a sapphire potion The adder hisses angrily.
A ball python comes into view.
You miss the adder. The adder bites you.
You scratch the ogre.
The ogre is lightly wounded.
The adder closely misses you.
The ogre hits you with a +0 giant spiked club!!
Ouch! That really hurt!
You scratch the ogre but do no damage.
The ogre is lightly wounded.
The adder bites you.
You barely miss the ogre.
The ogre is lightly wounded.
The adder bites you.
The ogre hits you with a +0 giant spiked club!!
Ouch! That really hurt!
You die...

#.. .... ... ..
S## . #.# ##.#
#O#####.....
##@......#
#.S..<...#
#............#
.............###.
.###.........#
#...........
...###########
##.. #.#


You could see an ogre, an adder and a ball python.

Vanquished Creatures
  Crazy Yiuf (D:2)
  Terence (D:2)
  3 adders (D:2)
  2 dart slugs
  A worm (D:2)
  3 ball pythons
  3 endoplasms
  2 giant cockroaches (D:1)
  6 goblins
  4 hobgoblins
  5 kobolds
  2 quokkas (D:1)
  3 bats
  2 frilled lizards
  3 rats
  A toadstool (D:3)
42 creatures vanquished.

Vanquished Creatures (others)
  2 fungi (D:2)
  3 plants (D:1)
  3 toadstools (D:3)
8 creatures vanquished.

Grand Total: 50 creatures vanquished

Notes
Turn   | Place    | Note
-------+----------+-------------------------------------------
     0 | D:1      | Ishikawa the Troll Monk began the quest for the Orb.
     0 | D:1      | Reached XP level 1. HP: 22/22 MP: 0/0
    43 | D:1      | Found a faded altar of an unknown god.
   209 | D:1      | Reached XP level 2. HP: 29/29 MP: 1/1
   766 | D:2      | Reached XP level 3. HP: 26/36 MP: 2/2
   851 | D:2      | Noticed Terence
   857 | D:2      | Killed Terence
  1192 | D:2      | Reached XP level 4. HP: 44/44 MP: 3/3
  1321 | D:2      | Reached skill level 4 in Unarmed Combat
  1674 | D:2      | Found a runed translucent door.
  1675 | D:2      | Noticed Crazy Yiuf
  1681 | D:2      | Killed Crazy Yiuf
  2274 | D:3      | Found a white marble altar of Elyvilon.
  2360 | D:3      | Found a basalt altar of Yredelemnul.
  2493 | D:3      | Found a blossoming altar of Fedhas.
  2713 | D:4      | Noticed an ogre
  2720 | D:4      | Mangled by an ogre

Illustrated notes

Levels and vault maps discovered:
D:1:      dpeg_arrival_arbitrary_c, layout_basic, basic_ecumenical_altar,
          serial_bayou_lake_a
D:2:      layout_basic, minmay_hexomino_f4, uniq_crazy_yiuf_cottage,
          uniq_terence
D:3:      layout_loops_corners, fedhas_altar_4, kennysheep_ying_yang,
          minmay_gold_behind_fungi, minmay_misc_feat_hallway,
          nicolae_underground_beach
D:4:      layout_loops_cross, nzn_wu_jian_contemplation, serial_park_tiny_pond,
          amcnicky_mini_rare_corridor_liquid

Skill      XL: |  1  2  3  4 |
---------------+-------------+-----
Dodging        | 3 |  3.2
Fighting       | 3 |  3.1
Unarmed Combat | 4 |  4.3
Stealth        | |  1.0

Action                   |  1- 3 |  4- 6 || total
-------------------------+-------+-------++-------
Melee: Unarmed           |    76 |    55 ||   131
       Punch             |       |     1 ||     1
Armor: Robe              |    38 |    10 ||    48
Dodge: Dodged            |    43 |    15 ||    58
